 Dungeon Crawl Stone Soup version 0.28-a0-406-g4bac719ec2 (webtiles) character file.

Game seed: 17795691782834536941

53 Decipherer the Skirmisher (level 3, 0/34 HPs)
             Began as a Minotaur Berserker on Sept 5, 2021.
             Was a Follower of Trog.
             Slain by a kobold (2 damage)
             ... on level 2 of the Dungeon.
             The game lasted 00:02:17 (1543 turns).

Decipherer the Skirmisher (Minotaur Berserker)      Turns: 1543, Time: 00:02:18

Health: 0/34       AC:  2    Str: 21    XL:     3   Next: 64%
Magic:  2/2        EV: 12    Int:  4    God:    Trog [*.....]
Gold:   75         SH:  0    Dex: 10    Spells: 2/2 levels left

rFire   . . .      SeeInvis .   a - +0 spear
rCold   . . .      Faith    .   (no shield)
rNeg    . . .      Spirit   .   b - +0 animal skin
rPois   .          Reflect  .   (helmet restricted)
rElec   .          Harm     .   (no cloak)
rCorr   .          Rampage  .   (no gloves)
Will    .....                   (no boots)
Stlth   +.........              (no amulet)
HPRegen 0.11/turn               (no ring)
MPRegen 0.08/turn               (no ring)

@: on berserk cooldown, attractive, slowed, very slow
A: horns 2, retaliatory headbutt
a: Renounce Religion, Berserk


You were on level 2 of the Dungeon.
You worshipped Trog.
Trog was aware of your devotion.
You visited 1 branch of the dungeon, and saw 2 of its levels.

You collected 75 gold pieces.

Inventory:

Hand Weapons
 a - a +0 spear (weapon)
Missiles
 i - 22 poisoned darts
Armour
 b - a +0 animal skin (worn)
Scrolls
 c - 2 scrolls of identify {unknown}
 d - a scroll of vulnerability {unknown}
 e - 2 scrolls of fear {unknown}
 f - a scroll of brand weapon {unknown}
 h - a scroll of amnesia {unknown}
 j - a scroll of noise {unknown}


   Skills:
 + Level 4.6 Fighting
 + Level 4.4 Polearms
 + Level 2.6 Armour
 + Level 2.4 Dodging
 + Level 0.3 Stealth


You had 2 spell levels left.
You didn't know any spells.
Your spell library contained the following spells:

 Spells                   Type           Power      Damage    Failure   Level
 Summon Small Mammal      Summ           0%         N/A       50%         1
 Call Canine Familiar     Summ           0%         N/A       86%         3
 Summon Guardian Golem    Hex/Summ       0%         N/A       86%         3
 Borgnjor's Revivificati  Necr           0%         N/A       100%        8
 Necromutation            Tmut/Necr      0%         N/A       100%        8
 Death's Door             Necr           0%         N/A       100%        9


Dungeon Overview and Level Annotations

Branches:
Dungeon (2/15)

Altars:

Shops:
D:1 (   D:2 !!*:=

Annotations:
D:2 1 runed translucent door, Crazy Yiuf, Jessica


Innate Abilities, Weirdness & Mutations

You have a pair of horns on your head.
You reflexively headbutt those who attack you in melee.


Message History

Jessica blinks!
The kobold hits you but does no damage.
Jessica mumbles some strange words.
Jessica blinks!
The kobold closely misses you.
There is an open door here.
Things that are here:
a +0 club; 3 stones You closely miss the kobold.
The kobold hits you with a +0 short sword.
* * * LOW HITPOINT WARNING * * *
You hit the kobold.
You kill the kobold!
Trog accepts your kill.
The kobold hits you with a +0 short sword.
* * * LOW HITPOINT WARNING * * *
The kobold closely misses you.
You puncture the kobold!
You kill the kobold!
Trog accepts your kill. Jessica gestures at you while chanting.
Pain shoots through your body!
* * * LOW HITPOINT WARNING * * *
The kobold hits you but does no damage.
You feel a strong urge to attack something.
The kobold throws a stone.
The stone barely misses you.
You are no longer berserk.
You are exhausted.
You feel yourself slow down.
Jessica gestures wildly while chanting.
Jessica blinks!
The kobold throws a stone.
The stone barely misses you.
The kobold throws a stone.
The stone closely misses you.
You miss the kobold. Your headbutt misses the kobold.
The kobold hits you with a +0 short sword.
* * * LOW HITPOINT WARNING * * *
You hit the kobold but do no damage.
It was a potion of attraction.
You feel attractive to monsters.
The kobold hits you with a +0 short sword.
You die...

#.........# #.#
#.........# #.#
#..#####..# #.#
#..#####..# #.#######
#..##.....#######.......#
#.†.................###(.
#..##.....#####.....# ###
#.....###.# #######
#.......@K# ##.##.###K#
## #.. #.##....K# .##...
#.####.#@# #.'....
#........# ..'..
######.### ..'. ##K## ..#
##...####KK# #.......)K.#


You could see Jessica (fast) and 3 kobolds.

Vanquished Creatures
  An adder (D:2)
  A worm (D:2)
  A dart slug (D:2)
  A ball python (D:2)
  5 bats
  4 endoplasms
  A giant cockroach (D:2)
  4 goblins
  3 hobgoblins (D:2)
  A quokka (D:1)
  3 frilled lizards
  10 kobolds
  A rat (D:2)
36 creatures vanquished.

Vanquished Creatures (others)
  8 toadstools (D:2)
8 creatures vanquished.

Grand Total: 44 creatures vanquished

Notes
Turn   | Place    | Note
-------+----------+-------------------------------------------
     0 | D:1      | Decipherer the Minotaur Berserker began the quest for the
                  | Orb.
     0 | D:1      | Reached XP level 1. HP: 19/19 MP: 0/0
   231 | D:1      | Found Suni Xug's Weapon Shoppe.
   245 | D:1      | Reached XP level 2. HP: 25/27 MP: 1/1
   622 | D:2      | Found Kofir's Jewellery Shop.
   664 | D:2      | Found Ufostreo's Book Shop.
   747 | D:2      | Reached XP level 3. HP: 24/34 MP: 2/2
   898 | D:2      | Found a faded altar of an unknown god.
  1347 | D:2      | Found Caedwolu's Distillery.
  1373 | D:2      | Found Ugogor's Distillery.
  1420 | D:2      | Found a runed translucent door.
  1421 | D:2      | Noticed Crazy Yiuf
  1514 | D:2      | Found Saiqoc's General Store.
  1517 | D:2      | Noticed Jessica
  1541 | D:2      | HP: 1/34 [kobold (4)]
  1543 | D:2      | Slain by a kobold

Illustrated notes

Levels and vault maps discovered:
D:1:      dpeg_arrival_chambers_temple_mockup, layout_basic, serial_shops,
          nicolae_lakefront_shop
D:2:      cheibrodos_fertilizer, layout_loops_corners,
          dilly_ecumenical_altar_fadedgnrine, serial_shops, shop, shop,
          nicolae_shop_waterfront, nicolae_shop_statue_plus,
          nicolae_lakefront_shop, uniq_crazy_yiuf_cottage, uniq_jessica

Skill      XL: |  1  2 |
---------------+-------+-----
Fighting       | 4 |  4.6
Polearms       | 4 |  4.4
Armour         | |  2.6
Dodging        | |  2.4
Stealth        | |  0.3

Action                   || total
-------------------------++-------
Melee: Spear             ||    87
       Headbutt          ||    12
Invok: Berserk           ||     2
  Use: Potion            ||     1
 Stab: Sleeping          ||     2
Armor: Animal skin       ||     9
Dodge: Dodged            ||    34

Table legend: (Time is in decaauts)
 A = Elapsed time spent in this place.
 B = Non-inter-level travel time spent in this place.
 C = Inter-level travel time spent in this place.
 D = Time resting spent in this place.
 E = Time spent auto-exploring this place.
 F = Levels seen in this place.
 G = Mean time per level.
                   A        B        C        D        E       F      G
               +--------+--------+--------+--------+--------+-----+--------+
         Total |   1549 |   1534 |     15 |      0 |   1323 |   2 |  774.5 |
       Dungeon |   1549 |   1534 |     15 |      0 |   1323 |   2 |  774.5 |
               +--------+--------+--------+--------+--------+-----+--------+

Top non-repeatable levels by time:
     D:2: 960 daAuts
     D:1: 588 daAuts
